 Dungeon Crawl Stone Soup version 0.19-a0-1007-g133f65f (webtiles) character file.

108 HAL9000 the Ruffian (level 4, 0/35 HPs)
             Began as a Draconian Transmuter on July 19, 2016.
             Splashed by a jelly's acid (8 damage)
             ... on level 2 of the Dungeon.
             The game lasted 00:05:54 (2372 turns).

HAL9000 the Ruffian (Draconian Transmuter)          Turns: 2372, Time: 00:05:54

Health: 0/35       AC:  5    Str: 14    XL:     4   Next: 58%
Magic:  3/7        EV: 12    Int: 13    God:
Gold:   65         SH:  0    Dex: 11    Spells: 3 memorised, 1 level left

rFire  + . .     SeeInvis .       - Unarmed
rCold  . . .     Gourm    .     (armour unavailable)
rNeg   . . .     Faith    .     (no shield)
rPois  .         Spirit   .     (helmet restricted)
rElec  .         Dismiss  .     (no cloak)
rCorr  .         Reflect  .     (no gloves)
SustAt .         Harm     .     (no boots)
MR     .....                    (no amulet)
Stlth  ++........               g - ring of stealth
                                d - ring of protection from fire

@: not resistant to hostile enchantments, unstealthy
A: unfitting armour, cold-blooded, AC +5
a: no special abilities


You were on level 2 of the Dungeon.
You were not hungry.

You visited 1 branch of the dungeon, and saw 3 of its levels.

You collected 65 gold pieces.

Inventory:

Missiles
 a - 35 arrows
Jewellery
 d - a ring of protection from fire (left hand)
 g - a ring of stealth (right hand)
Scrolls
 e - a scroll of enchant weapon {unknown}
 h - 5 scrolls of identify {unknown}
 i - 3 scrolls of remove curse {unknown}
 j - a scroll of noise {unknown}
 o - 2 scrolls of enchant armour {unknown}
 u - 2 scrolls of recharging {unknown}
 w - a scroll of random uselessness {unknown}
 y - 2 scrolls of amnesia {unknown}
Potions
 f - 4 potions of curing {unknown}
 l - a potion of resistance {unknown}
 m - a potion of might {unknown}
 p - a potion of heal wounds {unknown}
 r - 2 potions of degeneration {unknown}
 t - a potion of magic {unknown}
 v - a potion of flight {unknown}
Books
 b - a book of Changes

   Spells                             Type                      Level
   a - Beastly Appendage              Transmutation                1
   b - Sticks to Snakes               Transmutation                2
   c - Spider Form                    Transmutation/Poison         3
   d - Ice Form                       Ice/Transmutation            4
   e - Blade Hands                    Transmutation                5
Comestibles
 c - 3 bread rations
 k - a meat ration
 q - a slice of pizza


   Skills:
 - Level 1.1 Fighting
 - Level 1.7 Dodging
 + Level 4.5 Unarmed Combat
 - Level 2.0 Spellcasting
 + Level 3.4 Transmutations


You had one spell level left.
You knew the following spells:

 Your Spells              Type           Power        Failure   Level  Hunger
a - Beastly Appendage     Tmut           ##....       10%         1    ##.....
b - Sticks to Snakes      Tmut           ##......     12%         2    ###....
c - Spider Form           Tmut/Pois      #.........   38%         3    ####...


Dungeon Overview and Level Annotations

Branches:
Dungeon (3/15)

Altars:


Innate Abilities, Weirdness & Mutations

Your plain brown scales are hard. (AC +5)
Your body does not fit into most forms of armour.
You are cold-blooded and may be slowed by cold attacks.


Message History

You see here a club.
The jelly jiggles.
There is a stone staircase leading up here.
Unknown command.
The jelly hits you but does no damage.
You climb upwards.
There is a stone staircase leading down here.
Unknown command.
Casting: Beastly Appendage
Confirm with . or Enter, or press ? or * to list all spells.
You create a snake!
You now have 36 arrows.
The jelly closely misses you.
You see here a flail.
Your ball python bites the jelly.
The acid corrodes your ball python!
Your ball python is burned by acid!
Your ball python withers and dies!
Casting: Sticks to Snakes
Confirm with . or Enter, or press ? or * to list all spells.
You create a snake!
You now have 35 arrows.
The jelly hits you.
* * * LOW HITPOINT WARNING * * *
You are splashed with acid!
The acid burns!
You die...

#.####.#..#.# #.# #..#
#.. #.# #.#..#.#
#.#####..# ### #.#
#.#.(#.###.##.....## #.#
#.#..(.)...........# #.#
#.#...........##...####
#.#
#.##.######.####.......
#.# #.##.# #.......[....
#.#
#.##.############.#####
#.# #....J@.S....[....#
#.#######)##############
#.......>.# ###########


You could see a jelly and a friendly ball python.

Vanquished Creatures
  3 adders (D:2)
  2 gnolls
  2 worms
  A dart slug (D:1)
  4 giant geckos
  3 giant cockroaches (D:1)
  8 goblins
  A hobgoblin (D:1)
  5 jackals
  2 quokkas (D:2)
  4 bats
  2 giant newts
  9 kobolds
  9 rats
55 creatures vanquished.

Vanquished Creatures (collateral kills)
  A worm (D:2)
  A goblin (D:2)
  A bat (D:3)
3 creatures vanquished.

Grand Total: 58 creatures vanquished

Notes
Turn   | Place    | Note
-------+----------+-------------------------------------------
     0 | D:1      | HAL9000 the Draconian Transmuter began the quest for the Orb.
     0 | D:1      | Reached XP level 1. HP: 16/16 MP: 3/3
   117 | D:1      | Reached XP level 2. HP: 18/23 MP: 3/5
   600 | D:1      | Reached XP level 3. HP: 25/28 MP: 4/6
   604 | D:1      | Learned a level 2 spell: Sticks to Snakes
   608 | D:1      | Learned a level 3 spell: Spider Form
  1224 | D:2      | Reached skill level 4 in Unarmed Combat
  1388 | D:2      | Reached XP level 4. HP: 34/35 MP: 5/7
  2372 | D:2      | Splashed by a jelly's acid

Vault maps used:
D:1:      mrwooster_arrival_statue_2, minmay_tall_x
D:3:      lemuel_round_altar, ecumenical_altar_1

Skill      XL: |  1  2  3 |
---------------+----------+-----
Transmutations | 3 |  3.4
Unarmed Combat | 4 |  4.5
Fighting       | |  1.1
Dodging        | |  1.7
Spellcasting   | |  2.0

Action                   |  1- 3 |  4- 6 || total
-------------------------+-------+-------++-------
Melee: Unarmed           |   140 |    34 ||   174
       Tailslap          |    10 |     3 ||    13
       Headbutt          |     9 |       ||     9
       Kick              |     8 |     1 ||     9
       Punch             |     2 |       ||     2
 Cast: Beastly Appendage |    29 |     5 ||    34
       Sticks to Snakes  |     4 |     6 ||    10
 Stab: Sleeping          |     4 |       ||     4
  Eat: Chunk             |     3 |     3 ||     6
Armor: Skin              |    39 |    25 ||    64
Dodge: Dodged            |    79 |    38 ||   117
